Map: Polka LE

Players

Potet

  • Race: Protoss Protoss
  • League: Diamond
  • Spawn Location: 11:00

Xeno

  • Race: Zerg Zerg
  • League: Diamond
  • Spawn Location: 11:00

qqq - Winner!

  • Race: Zerg Zerg
  • Spawn Location: 5:00

Massa - Winner!

  • Race: Terran Terran
  • League: Platinum
  • Spawn Location: 5:00

VOD

Have the link to the VOD?

Description

Time

  • Played on: Nov. 4, 2020, 2:35 p.m.
  • Length: 4:17
Show
View Real Time Build Order
Export as new Build Order

Potet Protoss 

Build Orders: 1 Gate Expand 

Get SALT Encoding   

  12  0:00  Probe  
  13  0:12  Probe  
  14  0:20  Pylon  
  14  0:24  Probe  
  15  0:38  Probe  
  16  0:43  Gateway  
  16  0:50  Probe  
  16  0:52  Assimilator  
  17  1:02  Probe (Chrono Boost)  
  18  1:13  Probe (Chrono Boost)  
  19  1:19  Probe (Chrono Boost)  
  20  1:31  Cybernetics Core  
  20  1:35  Nexus  
  20  1:40  Probe (Chrono Boost)  
  21  1:51  Probe (Chrono Boost)  
  21  1:53  Pylon  
  22  2:06  Probe  
  23  2:10  Warp Gate  
  23  2:11  Stalker  
  25  2:18  Probe  
  26  2:27  Assimilator  
  26  2:30  Probe  
  27  2:42  Probe  
  28  2:49  Probe  
  28  2:50  Pylon  
  29  2:52  Stalker  
  29  2:54  Probe  
  32  3:01  Probe  
  33  3:06  Probe  
  33  3:07  Twilight Council  
  34  3:13  Probe  
  34  3:18  Probe  
  36  3:22  Robotics Facility  
  36  3:24  Assimilator  
  36  3:25  Probe  
  37  3:29  Assimilator  
  37  3:30  Probe  
  38  3:37  Probe  
  38  3:39  Gateway  
  39  3:43  Probe  
  39  3:46  Gateway  
  40  3:49  Probe  
  40  3:55  Probe  
  38  4:00  Stalker  
Show
View Real Time Build Order
Export as new Build Order

Xeno Zerg 

Build Orders: Hatch First 

Get SALT Encoding   

  12  0:02  Drone  
  13  0:14  Overlord  
  13  0:17  Drone  
  14  0:32  Drone x2  
  16  0:36  Drone  
  17  0:55  Hatchery  
  16  0:58  Drone  
  16  1:00  Drone  
  18  1:12  Extractor  
  18  1:16  Spawning Pool  
  18  1:18  Drone  
  17  1:22  Drone  
  18  1:35  Drone  
  19  1:43  Overlord  
  19  2:03  Queen  
  19  2:04  Zergling x4  
  19  2:07  Queen  
  25  2:20  Metabolic Boost  
  26  2:22  Drone  
  26  2:23  Drone  
  27  2:30  Drone  
  27  2:31  Drone x2  
  27  2:36  Baneling Nest  
  29  2:41  Drone x2  
  31  2:53  Overlord  
  31  2:59  Drone x2  
  33  3:10  Overlord  
  33  3:25  Zergling x8  
  37  3:31  Drone  
  38  3:35  Drone x4  
  38  3:36  Drone x2  
Show
View Real Time Build Order
Export as new Build Order

qqq Zerg - Winner!

Build Orders: Hatch First 

Get SALT Encoding   

  12  0:00  Drone  
  13  0:35  Hatchery, Drone  
  13  0:39  Drone  
  14  0:59  Spawning Pool  
  13  1:06  Overlord  
  13  1:10  Drone  
  14  1:14  Extractor  
  14  1:17  Drone  
  14  1:37  Drone x2  
  16  1:44  Drone  
  17  1:49  Extractor  
  17  1:52  Drone  
  17  1:55  Queen  
  17  1:58  Drone  
  20  2:05  Zergling x2  
  21  2:10  Drone  
  21  2:11  Zergling x2  
  23  2:17  Metabolic Boost  
  23  2:21  Zergling x2  
  24  2:25  Zergling x2  
  24  2:29  Zergling x2  
  26  2:33  Zergling x2  
  26  2:34  Zergling x2  
  28  2:48  Overlord x2  
  28  2:58  Overlord  
  28  3:03  Baneling Nest  
  28  3:05  Drone  
  28  3:08  Zergling x2  
  28  3:10  Zergling x2  
  30  3:18  Zergling x4  
  33  3:20  Zergling x2  
  33  3:24  Zergling x2  
  33  3:27  Zergling x2  
  35  3:30  Zergling x2  
  35  3:33  Zergling x2  
  37  3:38  Zergling x2  
  37  3:39  Zergling x2  
  39  3:48  Zergling x4  
  40  3:58  Zergling x2  
Show
View Real Time Build Order
Export as new Build Order

Massa Terran - Winner!

Build Orders:  

Get SALT Encoding   

  12  0:00  SCV  
  13  0:13  SCV  
  14  0:21  Supply Depot  
  14  0:25  SCV  
  15  0:43  SCV, Barracks  
  16  0:50  Refinery  
  16  0:52  Refinery  
  16  0:55  SCV  
  17  1:06  Supply Depot  
  17  1:09  SCV  
  18  1:27  SCV  
  18  1:31  Reaper  
  20  1:32  Supply Depot  
  20  1:46  Factory  
  20  1:49  SCV  
  21  2:03  Marine  
  21  2:08  Orbital Command  
  22  2:21  Barracks Reactor  
  22  2:35  SCV, Engineering Bay  
  23  2:54  Hellion  
  25  3:08  Marine x2  
  27  3:15  Hellion  
  29  3:23  Command Center  
  29  3:30  Factory, Marine  
  29  3:31  Marine  
  31  3:37  Hellion  
  33  3:52  SCV  
  34  4:05  SCV  
Tags
 
Add a new tag
Caveats
  • Supply blocks, unpowered buildings, or Contaminate may cause inaccurate times.
  • Supply counts are checked every 10 seconds.